 Dungeon Crawl Stone Soup version 0.25.0-9-g26727b657a (webtiles) character file.

Game seed: 2949940208754747700

4375 mopl the Tainter (level 10, -4/76 HPs)
             Began as a Merfolk Venom Mage on June 16, 2020.
             Was a Follower of Yredelemnul.
             Slain by a red ugly thing (23 damage)
             ... on level 9 of the Dungeon.
             The game lasted 00:23:40 (8976 turns).

mopl the Tainter (Merfolk Venom Mage)               Turns: 8976, Time: 00:23:42

Health: -4/76      AC:  7    Str: 16    XL:     10   Next: 34%
Magic:  2/17       EV: 13    Int: 26    God:    Yredelemnul [*.....]
Gold:   221        SH:  2    Dex: 22    Spells: 4/19 levels left

rFire    . . .     SeeInvis +   a - +6 trident of the Hungering Goat {vorpal, Str+5 Dex-2}
rCold    . . .     Gourm    .   H - -4 buckler "Zyts" {Int+4 Dex+4}
rNeg     . . .     Faith    .   K - +0 steam dragon scales
rPois    .         Spirit   .   b - +0 helmet {SInv}
rElec    .         Reflect  .   (no cloak)
rCorr    .         Harm     .   g - +0 pair of gloves
MR       .....                  (no boots)
Stlth    ++........             (no amulet)
HPRegen  0.22/turn              e - +6 ring of intelligence
MPRegen  0.15/turn              j - +6 ring of dexterity

@: radiating poison, studying Fighting
A: change form in water, swift swim, stealthy swim
a: Animate Remains, Renounce Religion


You were on level 9 of the Dungeon.
You worshipped Yredelemnul.
Yredelemnul was aware of your devotion.
You were near starving.

You visited 2 branches of the dungeon, and saw 10 of its levels.
You also visited: Sewer.

You collected 437 gold pieces.
You spent 216 gold pieces at shops.

Inventory:

Hand Weapons
 a - the +6 trident of the Hungering Goat (weapon) {vorpal, Str+5 Dex-2}
   (You found it on level 7 of the Dungeon)

   It inflicts extra damage upon your enemies.
   It affects your strength (+5).
   It affects your dexterity (-2).
 M - a +1 trident of flaming
Missiles
 v - 3 boomerangs of dispersal
 B - 11 boomerangs (quivered)
 D - 3 curare-tipped darts
Armour
 b - a +0 helmet of see invisible (worn)
 g - a +0 pair of gloves (worn)
 C - a +2 ring mail of poison resistance
 H - the -4 buckler "Zyts" (worn) {Int+4 Dex+4}
   (You found it on level 6 of the Dungeon)

   It affects your intelligence (+4).
   It affects your dexterity (+4).
 K - +0 steam dragon scales (worn)
Jewellery
 e - a +6 ring of intelligence (left hand)
 f - an uncursed ring of ice
 j - a +6 ring of dexterity (right hand)
 w - an uncursed ring of protection from cold
 N - a +6 ring of strength
Wands
 r - a wand of clouds (5)
 x - a wand of iceblast (9)
 O - a wand of polymorph (12)
Scrolls
 m - 4 scrolls of magic mapping {unknown}
 n - 2 scrolls of identify
 q - a scroll of teleportation {unknown}
 s - 4 scrolls of remove curse {unknown}
 t - 2 scrolls of enchant weapon {unknown}
 y - a scroll of random uselessness {unknown}
 A - 3 scrolls of enchant armour {unknown}
 I - a scroll of blinking {unknown}
 J - a scroll of fog {unknown}
Potions
 d - a potion of mutation
 h - a potion of resistance
 i - 5 potions of heal wounds
 k - a potion of might
 l - 2 potions of berserk rage
 o - a potion of lignification {unknown}
 p - 2 potions of flight
 u - 4 potions of stabbing
 z - 3 potions of curing
 F - a potion of haste
 G - a potion of invisibility
 L - a potion of magic
Books
 E - a manual of Fighting
Comestibles
 c - 9 rations


   Skills:
 + Level 6.2 Fighting
 + Level 5.4 Polearms
 - Level 2.6 Dodging
 - Level 2.1 Stealth
 + Level 3.5 Shields
 + Level 5.2 Spellcasting
 - Level 3.0 Conjurations
 - Level 3.0 Translocations
 - Level 5.0 Transmutations
 - Level 3.0 Fire Magic
 - Level 3.0 Air Magic
 * Level 8.9 Poison Magic
 * Level 3.0 Invocations


You had 4 spell levels left.
You knew the following spells:

 Your Spells              Type           Power        Failure   Level  Hunger
a - Sting                 Tmut/Pois      ####         1%          1    None
b - Poisonous Vapours     Pois/Air       #####.       1%          2    None
d - Mephitic Cloud        Conj/Pois/Air  ####....     3%          3    #......
e - Blink                 Tloc           N/A          3%          2    None
g - Ignite Poison         Fire/Tmut/Pois #####...     2%          3    #......
o - Olgreb's Toxic Radia  Pois           ######..     1%          4    ###....

Your spell library contained the following spells:

 Spells                   Type           Power        Failure   Level  Hunger
 Magic Dart               Conj           ###.         2%          1    None
 Conjure Flame            Conj/Fire      ###.....     7%          3    #......
 Call Imp                 Summ           #.......     12%         2    None
 Slow                     Hex            #.......     12%         2    None


Dungeon Overview and Level Annotations

Branches:
Dungeon (9/15)             Temple (1/1) D:7           Sewer (visited)
   Lair: D:8-11         Orc: D:9-12

Altars:
Ashenzari
Cheibriados
Dithmenos
Elyvilon
Fedhas
Gozag
Hepliaklqana
Kikubaaqudgha
Makhleb
Nemelex Xobeh
Okawaru
Qazlal
Ru
Sif Muna
Trog
Uskayaw
Vehumet
Wu Jian
Xom
Yredelemnul
Zin
The Shining One

Shops:
D:6 =   D:8 }   D:9 !

Portals:
Abyss: D:3

Annotations:
D:3 2 transporters, MisterFreud's ghost, amateur GnWn


Message History

The red ugly thing is severely wounded.
The red ugly thing closely misses you.
You completely miss the red ugly thing.
The red ugly thing is severely wounded.
The red ugly thing claws you.
You are engulfed in flames!
You hit the red ugly thing.
The red ugly thing is severely wounded.
The red ugly thing claws you!
You are engulfed in flames!!
* * * LOW HITPOINT WARNING * * *
The red ugly thing misses you.
You are too injured to fight recklessly!
The red ugly thing looks more healthy.
Casting: Olgreb's Toxic Radiance (dangerous; 1% risk of failure)
Confirm with . or Enter, or press ? or * to list all spells.
You begin to radiate toxic energy.
The red ugly thing is poisoned.
The red ugly thing claws you.
* * * LOW HITPOINT WARNING * * *
You are engulfed in flames!!
You die...
Your body rises from the dead as a mindless zombie.

###'#....................#
............#####........#
............#...#........#
............#...#........#
............#...#........#
............'...#........#
........###.#...'.########
........# #.#####.#
######### #.)..u@.#
#.......# #######.# #.#
###


You could see a red ugly thing (poisoned).

Vanquished Creatures
  Psyche (D:9)
  Maggie (D:8)
  A hippogriff (D:8)
  Sigmund (D:2)
  Edmund (D:4)
  2 black bears (D:6)
  An orc warrior (D:8)
  2 ice beasts (D:9)
  An ogre (D:9)
  3 phantoms
  A gnoll sergeant (D:9)
  3 bullfrogs
  2 scorpions (D:5)
  16 killer bees
  A howler monkey (D:4)
  2 bullfrog zombies
  A crimson imp (D:5)
  A hound (D:8)
  A quasit (D:8)
  5 orc priests
  A gnoll shaman (D:8)
  A jelly (D:6)
  6 orc wizards
  Jessica (D:1)
  2 centaur skeletons
  An iguana (D:6)
  9 worker ants
  2 howler monkey zombies (D:5)
  Robin (D:2)
  A worker ant zombie (D:9)
  11 adders
  15 gnolls
  A river rat (D:6)
  A shadow imp (D:8)
  11 oozes
  2 adder skeletons
  8 worms
  A dart slug (D:1)
  18 leopard geckos
  42 orcs
  5 ball pythons
  18 giant cockroaches
  8 hobgoblins
  11 jackals
  5 kobolds
  3 quokkas
  6 bats
  19 frilled lizards
  12 goblins
  A goblin skeleton (D:8)
  2 goblin zombies (D:8)
  2 hobgoblin zombies (D:8)
  A kobold skeleton (D:8)
  4 kobold zombies (D:8)
  A leopard gecko skeleton (D:8)
  6 rats
286 creatures vanquished.

Notes
Turn   | Place    | Note
-------+----------+-------------------------------------------
     0 | D:1      | mopl the Merfolk Venom Mage began the quest for the Orb.
     0 | D:1      | Reached XP level 1. HP: 13/13 MP: 3/3
   149 | D:1      | Reached XP level 2. HP: 7/19 MP: 0/5
   808 | D:2      | Reached skill level 4 in Poison Magic
   808 | D:2      | Reached XP level 3. HP: 24/24 MP: 1/6
   810 | D:2      | Noticed Robin
   864 | D:1      | Learned a level 2 spell: Poisonous Vapours
  1061 | D:2      | Found a shimmering blue altar of Sif Muna.
  1064 | D:2      | Found a shattered altar of Ashenzari.
  1146 | D:2      | Reached XP level 4. HP: 28/30 MP: 4/7
  1157 | D:2      | Killed Robin
  1289 | D:1      | Learned a level 3 spell: Mephitic Cloud
  1618 | D:2      | Noticed an angel
  1619 | D:2      | Found a shimmering altar of Xom.
  1620 | D:2      | Found a glowing silver altar of Zin.
  1660 | D:2      | Noticed Jessica
  1661 | D:2      | Noticed Sigmund
  1691 | D:1      | Killed Jessica
  1691 | D:1      | Reached skill level 1 in Air Magic
  1691 | D:1      | Reached XP level 5. HP: 14/35 MP: 1/9
  2005 | D:2      | Killed Sigmund
  2005 | D:2      | Reached skill level 1 in Conjurations
  2005 | D:2      | Reached skill level 5 in Poison Magic
  2005 | D:2      | Reached XP level 6. HP: 41/41 MP: 3/10
  2504 | D:2      | Learned a level 3 spell: Ignite Poison
  2791 | D:3      | Learned a level 2 spell: Blink
  3028 | D:3      | Found a one-way gate to the infinite horrors of the Abyss.
  3028 | D:3      | Noticed MisterFreud's ghost (amateur GnWn)
  3050 | D:3      | Identified the +2 spear of Iconoclasm {distort, +Inv rC-
                  | Dex+8}
  3085 | D:3      | Found a transporter.
  3101 | D:3      | Found a transporter.
  3136 | D:3      | Found a radiant altar of Vehumet.
  3206 | D:3      | Found a shimmering blue altar of Sif Muna.
  3659 | D:4      | Found a hazy altar of Hepliaklqana.
  3749 | D:4      | Reached XP level 7. HP: 41/46 MP: 6/12
  3810 | D:4      | Noticed Edmund
  3819 | D:4      | Killed Edmund
  3910 | D:4      | Reached skill level 1 in Translocations
  4242 | D:4      | Reached skill level 1 in Fire Magic
  4242 | D:4      | Reached skill level 6 in Poison Magic
  4369 | D:5      | Entered Level 5 of the Dungeon
  4877 | D:5      | Reached XP level 8. HP: 47/53 MP: 8/13
  5086 | D:5      | Reached skill level 1 in Fighting
  5218 | D:6      | Found a bloodstained altar of Trog.
  5229 | D:6      | Reached skill level 1 in Polearms
  5233 | D:6      | Reached skill level 5 in Transmutations
  5281 | D:6      | Got a bloodstained buckler
  5350 | D:6      | Learned a level 4 spell: Olgreb's Toxic Radiance
  5366 | D:6      | Found a white marble altar of Elyvilon.
  5593 | D:6      | Found Caneirem's Jewellery Boutique.
  5763 | D:6      | Reached skill level 7 in Poison Magic
  5776 | D:6      | Found a glowing drain.
  5790 | Sewer    | Entered a sewer
  5811 | Sewer    | Reached skill level 1 in Shields
  6274 | Sewer    | Reached XP level 9. HP: 25/63 MP: 6/15
  6935 | D:7      | Identified the -4 buckler "Zyts" {Int+4 Dex+4} (You found
                  | it on level 6 of the Dungeon)
  6935 | D:7      | Found a staircase to the Ecumenical Temple.
  6972 | Temple   | Entered the Ecumenical Temple
  7296 | D:7      | Got an ancient trident
  7297 | D:7      | Identified the +6 trident of the Hungering Goat {vorpal,
                  | Str+5 Dex-2} (You found it on level 7 of the Dungeon)
  7640 | D:8      | Reached skill level 8 in Poison Magic
  7669 | D:8      | Noticed Maggie
  7676 | D:8      | Killed Maggie
  7676 | D:8      | Reached skill level 5 in Fighting
  7713 | D:8      | Found a basalt altar of Yredelemnul.
  7713 | D:8      | Found a bloodstained altar of Trog.
  7720 | D:8      | Found a sparkling altar of Nemelex Xobeh.
  7723 | D:8      | Became a worshipper of Yredelemnul the Dark
  7726 | D:8      | Found an ancient bone altar of Kikubaaqudgha.
  7728 | D:8      | Found an opulent altar of Gozag.
  7823 | D:8      | Found a glowing golden altar of the Shining One.
  7851 | D:8      | Found Veifuw's Gadget Shoppe.
  8136 | D:9      | Reached skill level 1 in Invocations
  8139 | D:9      | Reached XP level 10. HP: 70/74 MP: 13/17
  8148 | D:9      | Reached * piety under Yredelemnul
  8148 | D:9      | Reached skill level 5 in Spellcasting
  8436 | D:9      | Found Ronides's Distillery.
  8442 | D:9      | Bought a potion of magic for 96 gold pieces
  8442 | D:9      | Bought 2 potions of heal wounds for 120 gold pieces
  8450 | D:9      | Reached skill level 5 in Polearms
  8464 | D:9      | Noticed Psyche
  8468 | D:9      | Killed Psyche
  8939 | D:9      | Noticed a red ugly thing
  8976 | D:9      | Slain by a red ugly thing

Illustrated notes

Levels and vault maps discovered:
D:1:      wander_arrival_fairy_ring, layout_basic
D:2:      layout_loops_corners, grunt_temple_overflow_order_and_chaos_1,
          minitemple, minmay_pentomino_o4, uniq_robin, uniq_sigmund,
          uniq_jessica
D:3:      layout_loops_ring, lemuel_round_altar, gammafunk_ghost_abyssal_escape,
          first_ration, led_sif_pool
D:4:      layout_rooms, nicolae_overflow_crystal_walls,
          kennysheep_generic_room_5, uniq_edmund
D:5:      layout_cave_pools, grunt_ministairs_4, minmay_manual_macuahuitl
D:6:      layout_basic, elyvilon_altar_3, gup_sewer_entry_bubbles,
          minmay_shop_enchanted_jewellery, hangedman_abyss_or_decor_slice,
          trog_ov_bears_minmay
D:7:      layout_basic, minmay_temple_entry_trees
D:8:      layout_cave_pools, chequers_temple_overflow_minitemple, serial_shops,
          shop, nicolae_tso_besieged_by_evil, uniq_maggie
D:9:      layout_irregular_city, serial_shops, shop, shop, shop, shop,
          uniq_psyche, uniq_erolcha
Temple:   zaba_magenta_temple

Skill      XL: |  1  2  3  4  5  6  7  8  9 10 |
---------------+-------------------------------+-----
Transmutations | 2 3 4 5 |  5.0
Poison Magic   | 4 5 6 7 8 |  8.9
Air Magic      | 1 2 3 |  3.0
Spellcasting   | 3 4 5 |  5.2
Conjurations   | 1 2 3 |  3.0
Translocations | 1 2 3 |  3.0
Fire Magic     | 1 2 3 |  3.0
Fighting       | 3 5 6 |  6.2
Polearms       | 2 4 5 |  5.4
Shields        | 1 3 |  3.5
Invocations    | 1 3 |  3.0
Dodging        | |  2.6
Stealth        | |  2.1

Action                   |  1- 3 |  4- 6 |  7- 9 | 10-12 || total
-------------------------+-------+-------+-------+-------++-------
Melee: Unarmed           |    29 |       |       |       ||    29
       Spear             |       |   173 |   333 |       ||   506
       Tailslap          |       |       |    16 |       ||    16
       Trident           |       |       |    75 |    48 ||   123
 Cast: Sting             |    48 |    34 |    34 |       ||   116
       Poisonous Vapours |       |    20 |    50 |       ||    70
       Mephitic Cloud    |       |     1 |     7 |       ||     8
       Ignite Poison     |       |     1 |    11 |     1 ||    13
       Olgreb's Toxic Ra |       |       |    19 |    11 ||    30
  Use: Scroll            |       |     3 |     6 |       ||     9
 Stab: Sleeping          |     1 |     5 |     6 |     1 ||    13
  Eat: Chunk             |     1 |     9 |    18 |     3 ||    31
Armor: Robe              |    10 |    35 |    61 |       ||   106
       Steam dragon scal |       |       |     4 |     8 ||    12
Dodge: Dodged            |    33 |   122 |   251 |    25 ||   431
Block: Buckler           |       |       |     3 |     5 ||     8
